Map: Cyber Forest LE

Players

Mez - Winner!

  • Race: Terran Terran
  • League: Master
  • Spawn Location: 5:00

Ashron

  • Race: Protoss Protoss
  • League: Master
  • Spawn Location: 11:00

VOD

Have the link to the VOD?

Description

Time

  • Played on: July 28, 2019, 7:13 p.m.
  • Length: 15:02
Show
View Real Time Build Order
Export as new Build Order

Mez Terran - Winner!

Build Orders: Reaper Expand 

Get SALT Encoding   

  12  0:01  SCV  
  13  0:13  SCV  
  14  0:18  Supply Depot  
  14  0:25  SCV  
  15  0:40  SCV  
  15  0:42  Barracks  
  16  0:46  Refinery  
  16  0:52  SCV  
  17  1:04  SCV  
  18  1:16  SCV  
  19  1:30  Reaper, Orbital Command  
  20  1:49  Command Center  
  19  1:56  Engineering Bay  
  19  1:59  SCV  
  19  2:11  Barracks  
  19  2:17  Barracks Reactor  
  19  2:21  Supply Depot  
  19  2:22  SCV  
  20  2:33  Barracks  
  20  2:34  SCV  
  21  2:48  SCV  
  22  2:55  Marine x2  
  24  2:58  Barracks Tech Lab  
  24  3:03  SCV  
  25  3:14  Marine x2  
  25  3:15  SCV  
  25  3:18  Concussive Shells, Marauder  
  30  3:20  Marine  
  31  3:29  Supply Depot  
  31  3:30  Orbital Command  
  31  3:33  Marine x2  
  33  3:37  SCV  
  34  3:42  Marine  
  34  3:43  Marauder  
  36  3:49  SCV  
  36  3:50  Marine  
  38  3:59  Marine  
  38  4:00  Marine  
  38  4:01  SCV x2  
  42  4:03  Marine  
  42  4:07  Stimpack  
  43  4:12  Supply Depot  
  43  4:13  SCV x2  
  44  4:25  SCV x2  
  44  4:28  Factory, Engineering Bay  
  44  4:30  Refinery  
  46  4:32  Refinery  
  46  4:33  Marine  
  46  4:37  SCV x2  
  49  4:39  Supply Depot  
  48  4:53  SCV x2  
  48  4:55  Marine x2  
  48  4:56  Marine x2  
  54  5:06  Terran Infantry Weapons Level 1  
  54  5:13  Marine  
  54  5:14  SCV x2  
  57  5:16  Supply Depot  
  57  5:17  Factory Reactor  
  57  5:18  Starport  
  56  5:25  Marine x3  
  56  5:26  SCV x2  
  61  5:36  Command Center  
  61  5:38  SCV x2  
  63  5:44  Supply Depot  
  63  5:50  SCV  
  63  5:51  Barracks  
  63  5:52  Barracks  
  63  5:54  SCV  
  65  6:01  Supply Depot  
  65  6:02  SCV  
  65  6:03  Medivac x2  
  70  6:04  Marine x3  
  70  6:06  Marine  
  70  6:07  Combat Shield  
  74  6:14  Supply Depot  
  74  6:16  SCV x2  
  76  6:28  SCV  
  76  6:31  Marine x2, Marauder  
  82  6:33  Barracks Tech Lab  
  82  6:34  Medivac x2  
  82  6:38  SCV, Supply Depot  
  82  6:39  Supply Depot  
  85  6:52  SCV  
  85  6:53  SCV, Marine, Marauder  
  90  6:59  Marine  
  90  7:00  Marauder  
  93  7:02  Barracks Reactor, Barracks Tech Lab  
  93  7:05  SCV x2  
  95  7:11  Marine  
  95  7:14  Marauder  
  83  7:20  Marine, Medivac x2  
  83  7:21  SCV x2, Marauder  
  90  7:23  Orbital Command  
  90  7:26  Terran Infantry Armor Level 1  
  90  7:29  Marine  
  91  7:30  Marauder  
  91  7:35  Marauder  
  95  7:37  Marine  
  95  7:41  Marine  
  95  7:42  Marine  
  93  7:47  Marine  
  93  7:51  SCV x3  
  97  7:52  Marauder  
  97  7:54  Marine  
  97  7:55  Marine  
  97  7:57  Marauder  
  103  7:59  Marine  
  103  8:00  Marauder  
  103  8:03  SCV  
  103  8:05  Marine  
  108  8:07  Armory  
  108  8:08  Engineering Bay  
  108  8:12  SCV x2, Marine  
  108  8:13  Marine, Marauder  
  108  8:15  SCV  
  108  8:18  Marauder  
  114  8:22  Marauder  
  114  8:23  Command Center  
  114  8:24  SCV x2  
  114  8:25  Bunker  
  118  8:27  SCV  
  119  8:36  SCV x2  
  119  8:37  Medivac x2  
  119  8:38  Marine x4, Marauder  
  119  8:39  Marauder  
  133  8:45  SCV  
  133  8:48  SCV  
  133  8:49  SCV  
  133  8:50  Marauder  
  125  8:56  Marine x4  
  125  8:57  SCV  
  125  9:00  SCV, Marauder  
  125  9:01  SCV, Marauder  
  126  9:09  SCV  
  127  9:10  Missile Turret  
  127  9:12  SCV  
  127  9:13  Refinery, SCV  
  129  9:20  Marine  
  129  9:21  SCV, Marauder  
  133  9:26  Terran Infantry Weapons Level 2  
  133  9:29  Barracks  
  133  9:31  Barracks x2  
  133  9:34  SCV, Marine x4  
  133  9:35  Refinery, Marauder  
  140  9:38  Marine  
  141  9:47  Refinery  
  141  9:48  Marauder  
  141  9:52  Missile Turret, Marine x2, Marauder  
  147  10:00  Terran Infantry Armor Level 2  
  147  10:03  Terran Vehicle And Ship Armor Level 1  
  147  10:04  Marine  
  148  10:09  Barracks  
  148  10:10  Barracks  
  148  10:11  Barracks  
  148  10:12  Barracks  
  148  10:18  Supply Depot  
  148  10:19  Supply Depot  
  148  10:21  Marine x2, Medivac  
  148  10:22  Marine x2, Marauder x3, Medivac  
  148  10:26  Planetary Fortress  
  162  10:30  Missile Turret  
  162  10:39  Marine  
  163  10:43  Marauder  
  163  10:44  Marauder  
  163  10:49  Marine x4  
  159  10:51  SCV x3  
  156  10:57  Marine  
  156  10:59  Medivac x2  
  156  11:01  Barracks Tech Lab x2  
  156  11:02  Barracks Reactor, Barracks Tech Lab  
  156  11:04  Marine x2  
  160  11:05  Barracks Tech Lab  
  160  11:06  Barracks Tech Lab x2  
  160  11:07  Marauder  
  160  11:09  SCV x3, Ghost Academy  
  165  11:16  Command Center  
  165  11:20  Refinery  
  165  11:21  SCV x2  
  165  11:22  Refinery  
  165  11:23  Marine x3, Marauder x5  
  165  11:24  Marauder  
  182  11:35  Medivac  
  182  11:36  Medivac  
  188  11:40  Marauder  
  188  11:52  Marine  
  188  11:53  Marine x2  
  188  11:54  Marine, Marauder  
  176  12:03  Marine  
  176  12:04  Marine x6, Marauder x2  
  183  12:13  Ghost x2  
  183  12:14  Ghost  
  188  12:22  Command Center  
  188  12:27  Ghost x2  
  188  12:28  Medivac x2  
  196  12:43  Marine, Marauder  
  199  12:47  Marine, Marauder  
  188  12:58  Ghost  
  173  12:59  Marine x5, Marauder x4  
  173  13:00  Marauder  
  173  13:01  Marine  
  173  13:05  Marauder  
  184  13:14  Marine, Marauder  
  184  13:16  Marine  
  184  13:17  Marine, Marauder  
  182  13:20  Ghost x2, Marine, Marauder  
  182  13:21  Marauder, Medivac  
  182  13:22  Medivac  
  192  13:28  SCV x3  
  193  13:40  SCV x3  
  116  13:41  Orbital Command  
  196  13:46  Planetary Fortress  
  193  13:50  Ghost, Marine x2  
  193  13:51  Marine, Marauder x2  
  188  14:30  Marine x8, Marauder  
  192  14:35  SCV  
  192  14:36  SCV x3  
  196  14:48  SCV  
Show
View Real Time Build Order
Export as new Build Order

Ashron Protoss 

Build Orders: Blink Stalkers 

Get SALT Encoding   

  12  0:00  Probe  
  13  0:13  Probe  
  14  0:19  Pylon  
  14  0:25  Probe  
  15  0:33  Probe  
  15  0:39  Gateway  
  15  0:41  Probe  
  16  0:47  Assimilator  
  17  0:52  Probe  
  18  1:04  Probe  
  19  1:15  Pylon  
  19  1:18  Zealot  
  19  1:20  Probe  
  20  1:32  Probe, Cybernetics Core  
  23  1:49  Probe  
  24  2:00  Stalker  
  24  2:02  Probe  
  24  2:05  Assimilator  
  24  2:10  Warp Gate  
  24  2:14  Probe  
  27  2:19  Pylon  
  27  2:29  Twilight Council  
  27  2:36  Nexus  
  27  2:41  Blink  
  27  2:43  Probe  
  28  2:55  Probe  
  29  3:06  Gateway  
  29  3:15  Gateway  
  29  3:17  Probe  
  30  3:29  Probe  
  31  3:41  Probe  
  32  3:50  Probe  
  32  3:53  Probe  
  32  4:01  Stalker x2  
  36  4:05  Probe  
  37  4:11  Stalker  
  40  4:17  Probe  
  40  4:21  Probe  
  40  4:22  Shield Battery  
  41  4:29  Robotics Facility  
  41  4:31  Sentry x2, Pylon  
  43  4:33  Probe x2  
  43  4:35  Stalker  
  49  4:43  Assimilator  
  49  4:45  Probe  
  50  4:46  Probe  
  51  4:56  Adept x2  
  51  4:57  Probe  
  56  5:04  Probe  
  57  5:10  Adept  
  57  5:11  Probe  
  60  5:16  Probe  
  61  5:25  Nexus  
  61  5:27  Probe  
  61  5:28  Pylon  
  62  5:34  Forge  
  62  5:38  Forge  
  62  5:45  Pylon  
  62  5:46  Observer  
  62  5:47  Protoss Ground Armor Level 1  
  62  5:48  Probe, Protoss Ground Weapons Level 1  
  62  5:49  Probe, Pylon  
  65  6:00  Pylon  
  65  6:01  Shield Battery  
  65  6:06  Immortal, Pylon  
  65  6:07  Assimilator  
  69  6:21  Probe x2  
  71  6:31  Stalker x2  
  71  6:32  Stalker  
  75  6:51  Immortal  
  79  7:02  Adept x3, Gateway  
  79  7:03  Gateway  
  73  7:24  Adept x3  
  73  7:25  Probe  
  73  7:27  Probe x2  
  78  7:46  Adept x2  
  78  7:47  Adept, Protoss Ground Armor Level 2  
  84  7:55  Gateway  
  84  7:56  Gateway  
  84  7:57  Stalker  
  86  8:01  Protoss Ground Weapons Level 2  
  86  8:05  Adept  
  88  8:08  Probe  
  88  8:10  Observer  
  89  8:18  Templar Archives  
  89  8:19  Immortal  
  93  8:22  Stalker x2  
  93  8:23  Zealot x2  
  93  8:26  Probe x2  
  103  8:27  Probe  
  103  8:29  Assimilator  
  103  8:30  Assimilator  
  104  8:38  Probe  
  104  8:40  Probe, Shield Battery  
  106  8:41  Shield Battery  
  104  8:49  Psionic Storm  
  96  9:00  Charge  
  76  9:05  Zealot x4, Stalker  
  76  9:06  Stalker  
  82  9:25  Immortal  
  82  9:27  Gateway  
  82  9:29  Pylon  
  82  9:30  Gateway  
  86  9:33  Photon Cannon  
  86  9:35  Photon Cannon  
  86  9:42  High Templar, Zealot x2  
  86  9:43  Zealot x3  
  96  9:56  Photon Cannon  
  96  9:57  Shield Battery  
  96  10:00  Gateway  
  96  10:05  Warp Prism  
  98  10:09  High Templar  
  100  10:17  Stalker x3  
  100  10:18  Zealot x2  
  100  10:19  Probe x2  
  112  10:23  High Templar  
  112  10:26  Protoss Ground Armor Level 3  
  114  10:32  Photon Cannon  
  114  10:33  Probe  
  109  10:58  High Templar x2  
  109  10:59  Zealot x6  
  125  11:10  Pylon  
  125  11:23  Nexus  
  125  11:28  Immortal, Pylon  
  125  11:31  Pylon  
  129  11:37  High Templar  
  129  11:38  High Templar  
  133  11:44  Pylon x2  
  133  11:47  Pylon  
  133  11:49  Pylon  
  101  12:06  Zealot x2  
  101  12:07  Zealot x3  
  107  12:13  Zealot, Adept x3  
  111  12:19  Robotics Facility, Robotics Bay  
  111  12:22  Probe  
  112  12:27  High Templar x2  
  112  12:29  High Templar x3  
  122  12:33  Nexus  
  122  12:38  Archon  
  98  13:01  Zealot x4, Colossus x2  
  106  13:15  Zealot  
  103  13:32  Nexus  
  99  13:40  High Templar x2  
  102  13:45  Zealot  
  102  13:46  Zealot x2  
  107  13:50  Archon  
  107  14:07  High Templar x2  
  111  14:10  Stalker  
  111  14:13  Stalker x2  
  117  14:18  Nexus  
  78  14:47  Zealot x5  
Tags
 
Add a new tag
Caveats
  • Supply blocks, unpowered buildings, or Contaminate may cause inaccurate times.
  • Supply counts are checked every 10 seconds.